 Dungeon Crawl Stone Soup version 0.26.1-11-gd32895ea62 (webtiles) character file.

Game seed: 15595441742116480368

12762 promet the Slicer (level 12, -1/84 HPs)
             Began as a Halfling Fighter on May 30, 2021.
             Was a Priest of Nemelex Xobeh.
             Drowned by a water elemental (5 damage)
             ... on level 11 of the Dungeon on May 31, 2021.
             The game lasted 01:43:02 (17033 turns).

promet the Slicer (Halfling Fighter)               Turns: 17033, Time: 01:43:02

Health: -1/84      AC: 16    Str: 18    XL:     12   Next: 24%
Magic:  12/12      EV:  8    Int: 12    God:    Nemelex Xobeh [***...]
Gold:   441        SH: 13    Dex: 18    Spells: 11/11 levels left

rFire    . . .     SeeInvis .   a - +4 short sword
rCold    . . .     Faith    +   c - +1 kite shield
rNeg     . . .     Spirit   .   I - +0 plate armour
rPois    .         Reflect  .   o - +1 helmet
rElec    .         Harm     .   (no cloak)
rCorr    .         Rampage  .   u - -1 pair of gloves
Will     +....                  (no boots)
Stlth    ..........             r - amulet of faith
HPRegen  0.24/turn              S - ring of willpower
MPRegen  0.13/turn              i - +6 ring of intelligence

@: engulfed (cannot breathe)
A: small, mutation resistance 1
a: Renounce Religion, Draw Escape, Draw Destruction, Draw Summoning, Triple Draw


You were on level 11 of the Dungeon.
You worshipped Nemelex Xobeh.
Nemelex Xobeh was most pleased with you.
You visited 1 branch of the dungeon, and saw 11 of its levels.

You collected 890 gold pieces.
You spent 449 gold pieces at shops.

Inventory:

Hand Weapons
 a - a +4 short sword (weapon)
 b - a +0 hunting sling
 e - a +0 rapier
 n - a +0 long sword
 q - a +0 spear of pain
 F - a +3 dagger of draining
 G - a +0 morningstar
 L - a +0 whip of flaming
Missiles
 f - 316 stones
 p - 114 sling bullets
 w - 15 poisoned darts (quivered)
 D - 90 bolts
 K - 47 arrows
Armour
 c - a +1 kite shield (worn)
 h - a +0 chain mail
 o - a +1 helmet (worn)
 u - a -1 pair of gloves (worn)
 H - the +3 leather armour "Ipni" {rPois Slay+3}
   (You found it on level 6 of the Dungeon)

   It affects your accuracy and damage with ranged weapons and melee attacks
   (+3).
   It protects you from poison.
 I - a +0 plate armour (worn)
Jewellery
 i - a +6 ring of intelligence (right hand)
 j - an uncursed ring of poison resistance
 l - an uncursed ring of stealth
 r - an amulet of faith (around neck)
 z - an uncursed ring of stealth
 C - a +6 ring of intelligence
 S - a ring of willpower (left hand)
Wands
 v - a wand of flame (47)
 y - a wand of acid (4)
 E - a wand of random effects (11)
 J - a wand of digging (6)
 P - a wand of polymorph (6)
 R - a wand of iceblast (9)
Scrolls
 k - 11 scrolls of remove curse
 m - a scroll of teleportation
 x - 9 scrolls of identify
 B - 5 scrolls of amnesia
 M - 2 scrolls of magic mapping
 N - 2 scrolls of fear
Potions
 d - 2 potions of might
 g - 2 potions of attraction
 s - 5 potions of ambrosia
 A - 3 potions of curing
 O - a potion of brilliance


   Skills:
 * Level 8.5 Fighting
 + Level 10.9 Short Blades
 + Level 0.9 Polearms
 + Level 6.4(7.5) Slings
 + Level 4.1(5.0) Throwing
 + Level 8.0 Armour
 + Level 4.2 Dodging
 + Level 5.0 Stealth
 + Level 9.2 Shields
 + Level 4.0 Evocations


You had 11 spell levels left.
You didn't know any spells.
Your spell library contained the following spells:

 Spells                   Type           Power        Failure   Level
 Beastly Appendage        Tmut           0%           100%        1
 Magic Dart               Conj           0%           100%        1
 Blink                    Tloc           N/A          100%        2
 Call Imp                 Summ           0%           100%        2
 Slow                     Hex            0%           100%        2
 Wereblood                Tmut           0%           100%        2
 Conjure Flame            Conj/Fire      0%           100%        3
 Mephitic Cloud           Conj/Pois/Air  0%           100%        3
 Spider Form              Tmut/Pois      0%           100%        3
 Ice Form                 Ice/Tmut       0%           100%        4
 Blade Hands              Tmut           0%           100%        5


Dungeon Overview and Level Annotations

Branches:
Dungeon (11/15)            Temple (0/1) D:6            Lair (0/6) D:8
    Orc (0/2) D:9

Altars:
Nemelex Xobeh

Shops:
D:10 ?*=*(

Annotations:
D:7 2 transporters, chaostorm's ghost, novice TrTm


Innate Abilities, Weirdness & Mutations

You are small and have problems with some larger weapons.
You are somewhat resistant to further mutation.


Message History

* * * LOW HITPOINT WARNING * * *
Your lungs strain for air!
It was a potion of magic.
Magic courses through your body.
* * * LOW HITPOINT WARNING * * *
Your lungs strain for air!
The water elemental hits you.
You puncture the water elemental!
The water elemental is severely damaged.
* * * LOW HITPOINT WARNING * * *
Your lungs strain for air!
You block the water elemental's attack.
You hit the water elemental.
The water elemental is severely damaged.
* * * LOW HITPOINT WARNING * * *
Your lungs strain for air!
You block the water elemental's attack.
You hit the water elemental.
The water elemental is almost destroyed.
You die...
Your body glows slightly and disappears.

........# ......#.#
....#.#.# ###########
#.#.#.#.###.......... .
#.#.#..............
#.#.#).............
#.#######.#.#.###........[.
#>...).......(..((.......≈≈
##########@.#^###÷.(....≈≈≈
### ####E.#.# ####.≈≈≈≈#≈
#≈≈≈≈#≈≈≈..#.# #≈≈≈≈###
#≈≈≈≈≈≈≈≈≈≈#≈≈ ≈≈≈≈≈## #
#≈≈≈≈≈≈≈≈≈≈≈≈≈≈≈≈≈≈≈≈...
#≈≈≈≈(≈≈≈≈≈≈≈≈≈≈≈≈≈≈#....
#≈≈##≈≈≈.≈≈≈≈≈≈≈≈≈≈##.....
## #≈#?.≈≈≈.≈.≈≈.. ......
###...≈≈.....


You could see a water elemental.

Vanquished Creatures
  A boulder beetle (D:9)
  3 two-headed ogres
  Pikel (D:8)
  An ugly thing (D:11)
  Joseph (D:8)
  Maggie (D:6)
  A komodo dragon (D:8)
  A troll (D:11)
  A water elemental (D:11)
  Sigmund (D:4)
  A shadow (D:9)
  15 yaks (D:11)
  A wyvern (D:11)
  3 water moccasins
  A swamp drake (D:10)
  6 ice beasts
  5 black bears
  3 orc warriors
  2 phantoms
  6 ogres
  A necrophage (D:7)
  A centaur (D:10)
  A lemure (D:7)
  4 bullfrogs
  2 big kobolds
  A wyvern skeleton (D:7)
  7 scorpions
  2 troll zombies (D:9)
  4 killer bees (D:10)
  9 wights
  An electric eel (D:11)
  3 howler monkeys (D:8)
  A quasit (D:9)
  A bullfrog zombie (D:11)
  2 hounds (D:7)
  3 bullfrog skeletons
  5 orc priests
  Jessica (D:3)
  An iguana (D:8)
  9 orc wizards
  9 worker ants
  6 ogre zombies (D:9)
  A hound skeleton (D:9)
  14 adders
  3 shadow imps
  4 ufetubi
  3 oozes
  2 adder zombies (D:5)
  An adder skeleton (D:4)
  3 worms
  2 dart slugs
  9 leopard geckos
  29 orcs
  4 giant cockroaches
  7 goblins
  6 hobgoblins
  7 jackals
  2 quokkas
  6 ball pythons
  A ball python zombie (D:5)
  11 bats
  2 frilled lizards
  A goblin skeleton (D:9)
  5 goblin zombies (D:9)
  2 hobgoblin zombies (D:9)
  A jackal skeleton (D:4)
  A jackal zombie (D:3)
  16 kobolds
  A leopard gecko skeleton (D:4)
  6 orc skeletons (D:9)
  11 orc zombies (D:9)
  A quokka skeleton (D:9)
  7 rats
  A butterfly (D:6)
299 creatures vanquished.

Vanquished Creatures (collateral kills)
  A cyclops (D:11)
  A sky beast (D:9)
2 creatures vanquished.

Vanquished Creatures (others)
  57 fungi (D:8)
  40 plants (D:8)
97 creatures vanquished.

Grand Total: 398 creatures vanquished

Notes
Turn   | Place    | Note
-------+----------+-------------------------------------------
     0 | D:1      | promet the Halfling Fighter began the quest for the Orb.
     0 | D:1      | Reached XP level 1. HP: 15/15 MP: 1/1
    37 | D:1      | Reached XP level 2. HP: 19/20 MP: 2/2
   312 | D:1      | Reached XP level 3. HP: 23/26 MP: 3/3
   704 | D:1      | Reached skill level 3 in Short Blades
  1263 | D:2      | Reached XP level 4. HP: 31/31 MP: 4/4
  1713 | D:2      | Reached skill level 1 in Dodging
  2256 | D:3      | Reached XP level 5. HP: 27/36 MP: 5/5
  2367 | D:3      | Reached skill level 4 in Short Blades
  2551 | D:3      | Noticed Jessica
  2569 | D:3      | Killed Jessica
  3140 | D:3      | Reached skill level 1 in Throwing
  3140 | D:3      | Reached XP level 6. HP: 42/42 MP: 6/6
  3145 | D:3      | Reached skill level 1 in Slings
  4234 | D:4      | Found a sparkling altar of Nemelex Xobeh.
  4239 | D:4      | Became a worshipper of Nemelex Xobeh the Trickster
  4303 | D:4      | Reached XP level 7. HP: 41/46 MP: 7/7
  4500 | D:4      | Reached skill level 5 in Short Blades
  4660 | D:4      | Noticed Sigmund
  4667 | D:4      | Killed Sigmund
  4744 | D:5      | Entered Level 5 of the Dungeon
  4919 | D:5      | Reached skill level 5 in Shields
  5061 | D:5      | Found a glowing drain.
  5281 | D:5      | Reached * piety under Nemelex Xobeh
  5821 | D:6      | Reached skill level 5 in Armour
  5830 | D:6      | Reached skill level 6 in Short Blades
  5830 | D:6      | Reached XP level 8. HP: 54/54 MP: 8/8
  6095 | D:6      | Identified the +3 leather armour "Ipni" {rPois Slay+3} (You
                  | found it on level 6 of the Dungeon)
  6163 | D:6      | Found a staircase to the Ecumenical Temple.
  6187 | D:6      | Noticed Maggie
  6207 | D:6      | Killed Maggie
  6677 | D:6      | Found a sparkling altar of Nemelex Xobeh.
  6784 | D:6      | Received a gift from Nemelex Xobeh
  7646 | D:7      | Reached ** piety under Nemelex Xobeh
  7664 | D:7      | Reached skill level 1 in Stealth
  7772 | D:6      | Reached XP level 9. HP: 54/60 MP: 9/9
  8225 | D:6      | Reached skill level 5 in Fighting
  8225 | D:6      | Reached skill level 7 in Short Blades
  8537 | D:7      | Received a gift from Nemelex Xobeh
  8541 | D:7      | Noticed chaostorm's ghost (novice TrTm)
  8559 | D:7      | Found a transporter.
  8574 | D:7      | Noticed a white ugly thing
  8581 | D:7      | Found a transporter.
  8937 | D:7      | Reached skill level 8 in Short Blades
  9492 | D:8      | Reached skill level 1 in Evocations
  9504 | D:8      | Noticed Joseph
  9522 | D:8      | Killed Joseph
  9523 | D:8      | Reached XP level 10. HP: 33/68 MP: 10/10
  9714 | D:8      | Noticed a two-headed ogre
  9856 | D:8      | Killed a two-headed ogre
  9990 | D:8      | Noticed a komodo dragon
 10007 | D:8      | Killed a komodo dragon
 10008 | D:8      | Reached skill level 9 in Short Blades
 10273 | D:8      | Found a staircase to the Lair.
 10584 | D:8      | Received a gift from Nemelex Xobeh
 10620 | D:8      | Noticed Pikel
 10762 | D:8      | Killed Pikel
 11251 | D:9      | Identified the -2 quarterstaff of Excruciating Pain
                  | {vorpal, Str+3}
 11260 | D:9      | Reached XP level 11. HP: 74/74 MP: 11/11
 11708 | D:9      | Found a staircase to the Orcish Mines.
 12171 | D:9      | Received a gift from Nemelex Xobeh
 12536 | D:9      | Reached *** piety under Nemelex Xobeh
 12549 | D:9      | Noticed a two-headed ogre
 12562 | D:9      | Killed a two-headed ogre
 12563 | D:9      | Reached skill level 10 in Short Blades
 12563 | D:9      | Reached skill level 5 in Slings
 12563 | D:9      | Reached skill level 5 in Stealth
 12754 | D:9      | Noticed a boulder beetle
 12771 | D:9      | HP: 3/75 [boulder beetle (18)]
 14104 | D:9      | Killed a boulder beetle
 14213 | D:10     | Entered Level 10 of the Dungeon
 14277 | D:10     | Found Yliygh's Magic Scroll Boutique.
 14284 | D:10     | Bought a scroll of enchant armour for 90 gold pieces
 14284 | D:10     | Bought a scroll of magic mapping for 42 gold pieces
 14330 | D:10     | Found Reskueny's Assorted Antiques.
 14332 | D:10     | Received a gift from Nemelex Xobeh
 14341 | D:10     | Bought a scroll labelled NIBLUX KIAS for 33 gold pieces
 14341 | D:10     | Bought a scroll of teleportation for 99 gold pieces
 14410 | D:10     | Found Quner's Jewellery Shop.
 14532 | D:10     | Received a gift from Nemelex Xobeh
 14532 | D:10     | Noticed Erolcha
 14678 | D:10     | Noticed Erolcha
 14678 | D:10     | Erolcha changed into Erolcha the steam dragon
 14679 | D:10     | Noticed Erolcha
 14679 | D:10     | Erolcha the steam dragon changed into Erolcha the swamp
                  | drake
 14683 | D:10     | Killed Erolcha the swamp drake
 14904 | D:10     | Noticed a two-headed ogre
 14920 | D:10     | Killed a two-headed ogre
 15131 | D:10     | Found Ycaujuroh's Assorted Antiques.
 15136 | D:10     | Bought a brass ring for 185 gold pieces
 15281 | D:10     | Found Zotot's Weapon Shop.
 15948 | D:11     | Reached XP level 12. HP: 57/82 MP: 12/12
 17032 | D:11     | HP: 4/84 [drowned by a water elemental (3)]
 17033 | D:11     | Drowned by a water elemental

Illustrated notes

Levels and vault maps discovered:
D:1:      grunt_arrival_crossed_arrows, layout_loops_ring
D:2:      layout_basic
D:3:      minmay_inner_zag, layout_loops_corners, kennysheep_generic_room_3,
          uniq_jessica
D:4:      layout_loops_ring, nemelex_dance_club_becter, uniq_sigmund
D:5:      layout_loops_ring, cheibrodos_sewer_entry_drain
D:6:      layout_cave_pods, lemuel_round_altar, minmay_temple_entry_butterflies,
          minmay_quadrilaterals, uniq_maggie
D:7:      kennysheep_spiral_hall, layout_basic, gammafunk_ghost_abyssal_escape
D:8:      layout_loops_corners, due_lair_maze_entry_diamond, uniq_pikel,
          uniq_joseph
D:9:      layout_roguey, zombieorc2_lemuel, nzn_sisyphean_effort
D:10:     layout_roguey, serial_shops, nicolae_shop_behind_doors,
          kennysheep_mini, shop, shop, shop, uniq_erolcha
D:11:     layout_basic

Skill      XL: |  1  2  3  4  5  6  7  8  9 10 11 12 |
---------------+-------------------------------------+-----
Fighting       | 3 4 5 6 8 |  8.5
Short Blades   | 3 4 6 8 9 10 | 10.9
Dodging        | 1 2 3 4 |  4.2
Armour         | 4 5 6 7 8 |  8.0
Throwing       | 1 2 3 4 |  4.1
Slings         | 1 3 5 6 |  6.4
Shields        | 4 5 6 7 8 9 |  9.2
Stealth        | 1 3 4 5 |  5.0
Evocations     | 2 3 4 |  4.0
Polearms       | |  0.9

Action                   |  1- 3 |  4- 6 |  7- 9 | 10-12 || total
-------------------------+-------+-------+-------+-------++-------
Melee: Rapier            |    35 |    42 |       |       ||    77
       Dagger            |    64 |   153 |   162 |   219 ||   598
       Short sword       |       |       |   135 |   509 ||   644
       Spear             |       |       |       |    30 ||    30
 Fire: Hunting sling     |       |    23 |    15 |    87 ||   125
Throw: Stone             |     5 |     8 |       |     8 ||    21
       Dart              |       |       |    32 |     4 ||    36
Invok: Draw Destruction  |       |       |     1 |    15 ||    16
       Draw Escape       |       |       |       |     4 ||     4
       Draw Summoning    |       |       |       |     4 ||     4
Evoke: Wand              |       |       |    19 |    17 ||    36
  Use: Scroll            |     5 |    12 |     8 |     8 ||    33
       Potion            |     1 |     4 |     5 |     7 ||    17
 Stab: Sleeping          |       |       |     2 |     4 ||     6
       Distracted        |       |       |     1 |     1 ||     2
       Confused          |       |       |       |     1 ||     1
Armor: Scale mail        |    31 |    20 |       |       ||    51
       Chain mail        |       |    20 |    23 |     3 ||    46
       Leather armour    |       |       |    27 |    20 ||    47
       Plate armour      |       |       |       |    86 ||    86
       Skin              |       |       |       |     8 ||     8
Dodge: Dodged            |    35 |    44 |    67 |   150 ||   296
Block: Kite shield       |    49 |    79 |    98 |   251 ||   477
